[Event "Team 45 45 League T59"]
[Site "Internet Chess Club"]
[Date "2014.01.25"]
[Round "9"]
[White "Goldenberg"]
[Black "koni"]
[Result "1/2-1/2"]
[WhiteElo "1944"]
[BlackElo "1871"]
[Opening "Pirc: Holmov system"]
[ECO "B07"]
[Time "02:00:39"]
[TimeControl "2700+45"]

1. e4 d6 2. d4 Nf6 3. Nc3 g6 4. Bc4 Bg7 5. Nf3 Nc6 6. O-O Bg4 7. Be3 O-O 8. h3
Bxf3 9. Qxf3 e5 10. d5 Ne7 11. Rad1 Nd7 12. g4 a6 13. g5 f5 14. gxf6 Nxf6 15.
Ne2 Kh8 16. Qg2 Neg8 17. f4 Bh6 18. Rf2 Qe7 19. Rdf1 Rae8 20. c3 Nh5 21. Bd3
Ngf6 22. Bc2 Nd7 23. Ba4 b5 24. Bc2 Qh4 25. Qg4 Qxg4+ 26. hxg4 Nxf4 27. Nxf4
Bxf4 28. Bxf4 exf4 29. Rxf4 Rxf4 30. Rxf4 Ne5 31. g5 Kg7 32. a4 Rf8 33. Rxf8
Kxf8 34. axb5 axb5 35. Kf2 Nf7 36. b4 Nxg5 37. Kg3 Ke7 38. Kf4 Kf6 39. Bd3 h5
40. Bxb5 Nh7 41. c4 g5+ 42. Ke3 Ke5 43. c5 Nf6 44. cxd6 Ng4+ 45. Kf3 Kxd6 46.
Be8 Ne5+ 47. Ke3 h4 48. Bb5 Ke7 49. Be2 Kf6 50. b5 Ke7 51. Kd4 Kd6 52. Bf1 g4
53. Ke3 h3 54. Kf2 Nd7 55. Kg3 Ke5 56. d6 Kxd6 57. Kxg4 h2 58. Bg2 Kc5 59. Kg3
Kxb5 60. Kxh2 Kc5 61. Bh3 Ne5 62. Kg3 Kd4 63. Kf4 Nd3+ 64. Kf5 c5 65. Bf1 c4 66.
e5 c3 67. Bxd3 Kxd3 68. e6 c2 69. e7 c1=Q 70. e8=Q {Game drawn by mutual
agreement} 1/2-1/2

[Event "Team 45 45 League T59"]
[Site "Internet Chess Club"]
[Date "2014.01.25"]
[Round "9"]
[White "RamRock"]
[Black "zigzag2002"]
[Result "0-1"]
[WhiteElo "1847"]
[BlackElo "2017"]
[Opening "Sicilian defense"]
[ECO "B20"]
[Time "13:05:47"]
[TimeControl "2700+45"]

1. e4 c5 2. d3 Nc6 3. g3 g6 4. Bg2 Bg7 5. f4 e6 6. Nf3 d5 7. e5 Nge7 8. O-O O-O
9. c3 d4 10. Na3 f6 11. Nc4 Rb8 12. Re1 b5 13. exf6 Bxf6 14. Nce5 dxc3 15. bxc3
Qc7 16. Qe2 Nd5 17. Bd2 Rb6 18. Rac1 Kg7 19. Ng5 Nxe5 20. fxe5 Be7 21. Qg4 c4
22. Be4 h5 23. Qe2 cxd3 24. Qxd3 Qc5+ 25. Kh1 Bb7 26. c4 bxc4 27. Rxc4 Qf2 28.
Nh3 Qf7 29. Rcc1 Bb4 30. Bxb4 Nxb4 31. Qe3 Nxa2 32. Rc2 Nb4 33. Rf2 Qe7 34. Rxf8
Qxf8 35. Bxb7 Nc2 36. Qe2 Nxe1 37. Be4 Qc5 38. Qxe1 Qxe5 39. Nf2 Qd4 40. Kg2 Rb2
41. Bf3 e5 42. Be4 Rxf2+ 43. Qxf2 Qxe4+ 44. Kh3 Qf5+ 45. Qxf5 gxf5 46. Kh4 Kg6
47. h3 a5 48. g4 hxg4 {White resigns} 0-1

[Event "Team 45 45 League T59"]
[Site "Internet Chess Club"]
[Date "2014.01.27"]
[Round "9"]
[White "ausya"]
[Black "hewdondada"]
[Result "1/2-1/2"]
[WhiteElo "1776"]
[BlackElo "1720"]
[Opening "Scandinavian (center counter) defense"]
[ECO "B01"]
[Time "20:15:10"]
[TimeControl "2700+45"]

1. e4 d5 2. exd5 Qxd5 3. Nc3 Qa5 4. d4 Nf6 5. Nf3 Ne4 6. Bd2 Nxd2 7. Qxd2 Bf5 8.
Bc4 e6 9. Ne2 Qxd2+ 10. Kxd2 Be7 11. Rhe1 c6 12. Ng3 Bg6 13. Re2 Nd7 14. Rae1
O-O-O 15. c3 h6 16. Kc1 Bf6 17. Ne4 Be7 18. Kb1 Rhf8 19. Ka1 Nb6 20. Bb3 Nd5 21.
Bxd5 cxd5 22. Ned2 Rd6 23. Ne5 Bh7 24. c4 dxc4 25. Ndf3 Ra6 26. Rc1 b5 27. Rd2
Be4 28. Re2 Bd5 29. b3 Kb7 30. bxc4 bxc4 31. Nxc4 Rc8 32. Rb2+ Ka8 33. Nb6+ axb6
34. Rxc8+ Kb7 35. Rc3 Be4 36. Re2 Bd5 37. Rec2 Bd6 38. h3 b5 39. Rb2 Kb6 40. Ne5
Ra7 41. Nc4+ Kc7 42. Rxb5 Bxg2 43. Nxd6+ Kxd6 44. Rg3 Bd5 45. Rb6+ Kc7 46. Rb2
g6 47. Rc3+ Kd7 48. Rbc2 Rb7 49. Rb2 Ra7 50. a3 Ke7 51. Kb1 Kf6 52. Kc2 Kf5 53.
Kd3 Kf4 54. Ke2 Ke4 55. Rb4 h5 56. Re3+ Kf4 57. Rb1 g5 58. Ra1 Ra4 59. Kd3 f5
60. Re5 h4 61. Re3 g4 62. Kc3 Rc4+ 63. Kd3 Ra4 64. Kc3 g3 65. Kd2 Bc4 66. fxg3+
hxg3 67. Rg1 Bd5 68. Rgxg3 Rxd4+ 69. Rd3 Ra4 70. h4 Ra7 {Game drawn by mutual
agreement} 1/2-1/2

[Event "Team 45 45 League T59"]
[Site "Internet Chess Club"]
[Date "2014.01.24"]
[Round "9"]
[White "Timotheous"]
[Black "anna"]
[Result "0-1"]
[WhiteElo "1833"]
[BlackElo "1881"]
[Opening "Center game: Paulsen attack"]
[ECO "C22"]
[Time "16:30:28"]
[TimeControl "2700+45"]

1. e4 e5 2. d4 exd4 3. Qxd4 Nc6 4. Qe3 d6 5. Nc3 Nf6 6. Bd2 g6 7. O-O-O Bg7 8.
h3 Be6 9. f4 O-O 10. g4 Qe7 11. f5 Bd7 12. g5 Ne8 13. f6 Nxf6 14. gxf6 Qxf6 15.
Qg5 Qe6 16. Qd5 Qe8 17. Nge2 Be6 18. Qg5 Ne5 19. Nd4 c5 20. Nxe6 fxe6 21. Be2 a6
22. h4 Bf6 23. Qg3 b5 24. Bg5 Bxg5+ 25. hxg5 Qe7 26. Qh2 Rf7 27. Qg2 Raf8 28.
Rdf1 Rxf1+ 29. Rxf1 Rxf1+ 30. Bxf1 Nf7 31. Qg4 Qxg5+ 32. Qxg5 Nxg5 33. Bg2 Kf7
34. Kd2 Kf6 35. Ke3 Nf7 36. Nd1 h5 37. Nf2 Ne5 38. b3 g5 39. Nd3 Nxd3 40. cxd3
e5 41. Kf2 g4 42. Bf1 Kg5 43. a3 Kf4 44. Kg2 h4 45. b4 h3+ 46. Kh2 Kf3 47. bxc5
dxc5 48. Kg1 Ke3 49. a4 bxa4 50. d4 cxd4 51. Bxa6 a3 52. Bc4 d3 {White resigns}
0-1

[Event "Team 45 45 League T59"]
[Site "Internet Chess Club"]
[Date "2014.01.26"]
[Round "9"]
[White "Otelo"]
[Black "Goli"]
[Result "1-0"]
[WhiteElo "1837"]
[BlackElo "1806"]
[Opening "Robatsch (modern) defense"]
[ECO "B06"]
[Time "17:00:08"]
[TimeControl "2700+45"]

1. e4 g6 2. d4 Bg7 3. Nc3 d6 4. Be3 Nf6 5. Qd2 O-O 6. f3 Nc6 7. Bd3 e5 8. d5 Ne7
9. g4 c5 10. Bh6 a6 11. h4 b5 12. h5 Ra7 13. hxg6 fxg6 14. Nh3 c4 15. Be2 Rc7
16. Ng5 Bxh6 17. Rxh6 Kg7 18. O-O-O Neg8 19. Rh2 b4 20. Nb1 a5 21. c3 Re8 22.
cxb4 axb4 23. Qxb4 Ree7 24. Qc3 h6 25. Ne6+ Bxe6 26. dxe6 Rxe6 27. Bxc4 Ree7 28.
b3 Ne8 29. f4 Nef6 30. fxe5 Nxe4 31. Qd4 d5 32. Qxe4 Qe8 33. Rxd5 Qa8 34. Rhd2
Kh7 35. Qd4 Re8 36. Rd7+ Re7 37. Rd8 Rc8 38. Rxc8 Qxc8 39. Qd8 Qxd8 40. Rxd8 Rg7
{Black resigns} 1-0

[Event "Team 45 45 League T59"]
[Site "Internet Chess Club"]
[Date "2014.01.26"]
[Round "9"]
[White "Ayensa80"]
[Black "MBAStudent"]
[Result "1-0"]
[WhiteElo "1836"]
[BlackElo "1727"]
[Opening "French: MacCutcheon, Lasker variation"]
[ECO "C12"]
[Time "13:31:22"]
[TimeControl "2700+45"]

1. e4 e6 2. d4 d5 3. Nc3 Nf6 4. Bg5 Bb4 5. e5 h6 6. Bd2 Bxc3 7. bxc3 Ne4 8. Qg4
Kf8 9. Bd3 Nxd2 10. Kxd2 c5 11. Nf3 Nc6 12. Rhb1 Qc7 13. Qf4 Bd7 14. dxc5 Rc8
15. a4 a6 16. Rb6 Na5 17. Rd6 Be8 18. Nd4 Ke7 19. c6 bxc6 20. Bxa6 Ra8 21. Bd3
Nb7 22. Qg3 Rf8 23. Qh4+ g5 24. Qxh6 Nxd6 25. Qxg5+ f6 26. exd6+ Qxd6 27. Qe3
Qe5 28. Re1 Qxe3+ 29. Rxe3 e5 30. Nf5+ Kd7 31. c4 d4 32. Rg3 Bf7 33. Rg7 Ke6 34.
Nh6 Bg8 35. Bg6 Kd6 36. Bd3 Be6 37. Nf5+ Bxf5 38. Bxf5 Rxa4 39. Kd3 Ra3+ 40. Kd2
Re8 41. Rf7 e4 42. Rxf6+ Ke5 43. Rf7 e3+ 44. fxe3 dxe3+ 45. Ke2 Rd8 46. Bd3 Rg8
47. g3 Rh8 48. h4 Rg8 49. Rf3 Ra7 50. Rxe3+ Kd4 51. Re4+ Kc5 52. g4 Rf7 53. g5
Rgf8 54. g6 Rf2+ 55. Ke1 Rg2 56. h5 Rh8 57. Be2 Kd6 58. Kf1 Rg5 59. Rh4 Ke7 60.
Rf4 Rf8 61. Rxf8 Kxf8 62. Kf2 Kg7 63. Ke3 Re5+ 64. Kd3 c5 65. Bf3 Rf5 66. Ke4
Rg5 67. Kf4 Kf6 68. Bg4 Re5 69. h6 Re8 70. g7 Rd8 71. Bf5 Rd4+ 72. Be4 {Black
resigns} 1-0

[Event "Team 45 45 League T59"]
[Site "Internet Chess Club"]
[Date "2014.01.24"]
[Round "9"]
[White "fishhead"]
[Black "room-matt"]
[Result "0-1"]
[WhiteElo "1799"]
[BlackElo "1860"]
[Opening "Ruy Lopez: Bird's defense"]
[ECO "C61"]
[Time "15:10:51"]
[TimeControl "2700+45"]

1. e4 e5 2. Nf3 Nc6 3. Bb5 Nd4 4. Nxd4 exd4 5. O-O c6 6. Bc4 Nf6 7. d3 d5 8. Bb3
dxe4 9. dxe4 Be7 10. Qd3 c5 11. a4 Qc7 12. Na3 O-O 13. h3 a6 14. Nc4 Be6 15. a5
Rad8 16. Bd2 Nd7 17. f4 Rfe8 18. e5 Kh8 19. Qg3 f6 20. Rae1 Bf8 21. exf6 Nxf6
22. Ne5 Bxb3 23. Qxb3 Re7 24. Nc4 Ne4 25. Bc1 Rde8 26. Ne5 Nd6 27. Bd2 c4 28.
Qf3 Re6 29. Bb4 Nf5 30. Bxf8 Rxf8 31. Qd5 Ref6 32. Qxc4 Qxa5 33. b4 Qd8 34. Rf2
Ne3 35. Qb3 Rf5 36. c3 Qh4 37. cxd4 Rxf4 38. Nf3 Rxf3 39. Rxf3 Qxe1+ 40. Kh2
Rxf3 {White resigns} 0-1

[Event "Team 45 45 League T59"]
[Site "Internet Chess Club"]
[Date "2014.01.25"]
[Round "9"]
[White "tsia68"]
[Black "justice02"]
[Result "1-0"]
[WhiteElo "1812"]
[BlackElo "1803"]
[Opening "French: King's Indian attack"]
[ECO "C00"]
[Time "15:05:42"]
[TimeControl "2700+45"]

1. e4 e6 2. d3 b6 3. g3 Bb7 4. Bg2 Nf6 5. Nf3 Be7 6. O-O d6 7. Nbd2 Nbd7 8. Re1
O-O 9. c3 Nc5 10. Nb3 Ncd7 11. Nbd2 e5 12. d4 a5 13. Nh4 g6 14. a4 Rc8 15. Nc4
Nh5 16. Nf3 Ba6 17. b3 f6 18. Ne3 c6 19. Ba3 Ng7 20. Ra2 f5 21. dxe5 fxe4 22.
exd6 Bf6 23. Nd4 c5 24. Nb5 Bxb5 25. axb5 Bxc3 26. Qd5+ Kh8 27. Rd1 Nf6 28. Qc4
Bd4 29. Rxd4 cxd4 30. Qxd4 Qd7 31. Nc4 Qxb5 32. d7 Qxd7 33. Qxd7 Nxd7 34. Bxf8
Rxf8 35. Bxe4 Nc5 36. Bd5 Nxb3 37. Nxb6 Nc1 38. Rxa5 Nf5 39. Ra8 Rxa8 40. Bxa8
Nd4 41. Bd5 Kg7 42. Bc4 Ncb3 43. Bxb3 Nxb3 44. Nd5 Nd4 45. f4 g5 46. Kf2 gxf4
47. gxf4 Kg6 48. Ke3 Nf5+ 49. Ke4 h5 50. Ke5 Nh4 51. Ke4 Nf5 52. Ne3 Nd6+ 53.
Ke5 Nf7+ 54. Ke6 Nd8+ 55. Kd7 Nf7 56. Ke7 Nh6 57. Ke6 Ng8 58. h4 Nf6 59. f5+ Kg7
60. Nd5 Ng8 61. f6+ Kf8 62. Nf4 Nxf6 63. Kxf6 Kg8 64. Kg6 Kh8 65. Nxh5 Kg8 66.
Ng3 Kh8 67. Nf5 Kg8 68. Nd6 Kh8 69. Nf7+ Kg8 70. h5 {Black resigns} 1-0

[Event "Team 45 45 League T59"]
[Site "Internet Chess Club"]
[Date "2014.01.26"]
[Round "9"]
[White "MisterDoob"]
[Black "steadman"]
[Result "1/2-1/2"]
[WhiteElo "2325"]
[BlackElo "2173"]
[Opening "King's Indian: orthodox variation"]
[ECO "E94"]
[Time "22:02:47"]
[TimeControl "2700+45"]

1. d4 Nf6 2. c4 g6 3. Nc3 Bg7 4. e4 d6 5. Nf3 O-O 6. Be2 e5 7. O-O Na6 8. Be3 c6
9. d5 Ng4 10. Bg5 f6 11. Bh4 c5 12. Ne1 Nh6 13. Nd3 Bd7 14. f3 Nf7 15. a3 Bh6
16. Bf2 Nc7 17. b4 b6 18. Qc2 Qe7 19. Rab1 f5 20. bxc5 dxc5 21. a4 Nd6 22. Qb3
Rab8 23. Nb5 Ncxb5 24. axb5 fxe4 25. fxe4 Nxe4 26. Rb2 Nd2 27. Rxd2 Bxd2 28. Qb2
Bg5 29. Qxe5 Rbe8 30. Qxe7 {Game drawn by mutual agreement} 1/2-1/2

[Event "Team 45 45 League T59"]
[Site "Internet Chess Club"]
[Date "2014.01.26"]
[Round "9"]
[White "CHENENE"]
[Black "santiagoelawad"]
[Result "1-0"]
[WhiteElo "1768"]
[BlackElo "1894"]
[Opening "QGD Slav: 4.e3"]
[ECO "D11"]
[Time "18:40:24"]
[TimeControl "2700+45"]

1. d4 c6 2. c4 d5 3. Nf3 Nf6 4. e3 a6 5. Nc3 Bf5 6. Bd3 Bxd3 7. Qxd3 e6 8. O-O
Be7 9. e4 dxe4 10. Nxe4 Nxe4 11. Qxe4 Nd7 12. Bf4 O-O 13. Rfe1 Nf6 14. Qc2 Qb6
15. h3 Rad8 16. Rad1 Rfe8 17. a3 a5 18. Re3 Qa6 19. Be5 b5 20. Rc3 bxc4 21. Rxc4
c5 22. Bxf6 gxf6 23. Rc1 cxd4 24. Nxd4 Bf8 25. Qc3 Rd5 26. Nc6 Bh6 27. Rc2 Bg7
28. Ne7+ Rxe7 29. Rc8+ Bf8 30. Qg3+ Rg5 31. Qb8 Rd7 32. Rxf8+ Kg7 33. Rg8+ Kh6
34. Qf8+ Kh5 35. Rxg5+ fxg5 36. Qg7 Rd1+ 37. Kh2 Qd6+ 38. g3 Qd3 39. g4+ {Black
resigns} 1-0

[Event "Team 45 45 League T59"]
[Site "Internet Chess Club"]
[Date "2014.01.26"]
[Round "9"]
[White "jjimalo"]
[Black "Baseta"]
[Result "1-0"]
[WhiteElo "1971"]
[BlackElo "1817"]
[Opening "QGD Slav/Grünfeld: Schlechter variation"]
[ECO "D15"]
[Time "12:00:11"]
[TimeControl "2700+45"]

1. d4 Nf6 2. Nf3 d5 3. c4 c6 4. Nc3 g6 5. g3 Bg7 6. Bg2 O-O 7. O-O Nbd7 8. cxd5
cxd5 9. b3 b6 10. Ba3 Bb7 11. Rc1 Rc8 12. Qd3 Ne4 13. Nd2 Rxc3 14. Rxc3 Nxc3 15.
Qxc3 Re8 16. Rc1 Qc8 17. Qxc8 Bxc8 18. e3 e6 19. Rc7 a6 20. Nf3 f6 21. Bh3 Bf8
22. Bxe6+ Rxe6 23. Rxc8 Kf7 24. Bxf8 Nxf8 25. h4 Ke7 26. Kf1 a5 27. Ke2 Nd7 28.
Kd3 Nf8 29. Nd2 h6 30. Nb1 g5 31. h5 f5 32. Nc3 Rd6 33. Nb5 Rf6 34. f3 f4 35.
exf4 gxf4 36. g4 Re6 37. Kd2 Re3 38. Rc3 Rxc3 39. Nxc3 Kd6 40. Ne2 Ne6 41. Kd3
Ke7 42. Kc3 Kd6 43. b4 Kc6 44. bxa5 bxa5 45. Kb3 Kb6 46. Ka4 Ka6 47. a3 Kb6 48.
Nc3 Nxd4 49. Nxd5+ Ka6 50. Nxf4 Nxf3 51. Nd5 Ne5 52. Nf6 Kb6 53. Kb3 Kb5 54. a4+
Kc5 55. Kc3 Nf7 56. Ng8 Kd5 57. Ne7+ Kc5 58. Nf5 Kd5 59. Ne3+ Kc5 60. Nc4 Kd5
61. Nxa5 Ne5 62. g5 hxg5 63. h6 Ke6 64. Nc4 Ng6 65. a5 g4 66. a6 g3 67. Ne3 Nf4
68. a7 Nd5+ 69. Kd3 Nb4+ 70. Ke2 {Black resigns} 1-0

[Event "Team 45 45 League T59"]
[Site "Internet Chess Club"]
[Date "2014.01.26"]
[Round "9"]
[White "frank001"]
[Black "gerailen0075"]
[Result "1-0"]
[WhiteElo "1793"]
[BlackElo "1916"]
[Opening "French: Tarrasch, open variation"]
[ECO "C07"]
[Time "06:02:56"]
[TimeControl "2700+45"]

1. e4 e6 2. d4 d5 3. Nd2 c5 4. c3 Nf6 5. Bd3 Nc6 6. Ngf3 cxd4 7. cxd4 dxe4 8.
Nxe4 Bb4+ 9. Nc3 Nd5 10. Bd2 O-O 11. O-O Re8 12. a3 Bf8 13. Re1 g6 14. Bg5 Nxc3
15. bxc3 Qa5 16. Bd2 Qd8 17. Bg5 Qc7 18. Bf6 Bd7 19. Qd2 Rac8 20. Qg5 Qa5 21.
Qd2 Bg7 22. Bxg7 Kxg7 23. Qb2 Qb6 24. Qe2 Na5 25. Rab1 Qd6 26. c4 b6 27. Qa2 Ba4
28. Rb4 Bc6 29. Qb2 Bxf3 30. gxf3 f6 31. Re4 Rcd8 32. Be2 Nc6 33. Ra4 Re7 34. c5
bxc5 35. dxc5 Qxc5 36. Rac4 Qg5+ 37. Kf1 Ne5 38. Qb4 Red7 39. f4 Qh6 40. fxe5
Qxh2 41. exf6+ Kg8 42. Rh4 Qe5 43. Rce4 Qa1+ 44. Kg2 Qxf6 45. Bc4 Rd2 46. Rhf4
Qg5+ 47. Rg4 Qh6 48. Bxe6+ Kh8 49. Qc3+ Qg7 50. Qxg7+ Kxg7 51. Rgf4 R8d3 52.
Rf7+ Kh6 53. Rxa7 {Black resigns} 1-0

[Event "Team 45 45 League T59"]
[Site "Internet Chess Club"]
[Date "2014.01.26"]
[Round "9"]
[White "Buford-Julep"]
[Black "xt"]
[Result "1-0"]
[WhiteElo "1743"]
[BlackElo "1538"]
[Opening "QGD semi-Slav: Meran, Wade variation"]
[ECO "D47"]
[Time "17:00:22"]
[TimeControl "2700+45"]

1. d4 d5 2. c4 c6 3. Nf3 Nf6 4. Nc3 e6 5. e3 Nbd7 6. Bd3 dxc4 7. Bxc4 b5 8. Bd3
Bb7 9. O-O a6 10. e4 c5 11. e5 Nd5 12. Ne4 cxd4 13. Bg5 Qb6 14. Rc1 Bc5 15. a3
a5 16. Rxc5 Nxc5 17. Bxb5+ Kf8 18. Nd6 d3 19. Nd4 h6 20. Be3 Nxe3 21. fxe3 f5
22. Qh5 Qc7 23. Nxe6+ Nxe6 24. Qxf5+ Ke7 25. Qf7+ Kd8 26. Qxe6 {Black resigns}
1-0

[Event "Team 45 45 League T59"]
[Site "Internet Chess Club"]
[Date "2014.01.26"]
[Round "9"]
[White "rookmaster23"]
[Black "LazyPeon"]
[Result "0-1"]
[WhiteElo "1564"]
[BlackElo "1784"]
[Opening "Sicilian: Najdorf, Byrne (English) attack"]
[ECO "B90"]
[Time "15:00:18"]
[TimeControl "2700+45"]

1. e4 c5 2. Nf3 d6 3. d4 cxd4 4. Nxd4 Nf6 5. Nc3 a6 6. Be3 e5 7. Nb3 Be7 8. f3
Be6 9. Qd2 O-O 10. O-O-O a5 11. Kb1 a4 12. Nc1 Nbd7 13. g4 Nb6 14. g5 Nfd7 15.
Nb5 d5 16. exd5 Nxd5 17. h4 Nxe3 18. Qxe3 Bc5 19. Qe4 Qb6 20. h5 Ra5 21. Bd3 f5
22. gxf6 Nxf6 23. Qxe5 Re8 24. Qg3 Rxb5 25. Bxb5 Qxb5 26. h6 g6 27. Qg5 Qb6 28.
Rd3 Bf5 29. Rd2 Bd4 30. b3 Ra8 31. Nd3 axb3 32. cxb3 Be3 33. Qg2 Qd4 34. Rhd1
Bxd2 35. Qxd2 Nd5 36. Rc1 Bxd3+ {White resigns} 0-1

[Event "Team 45 45 League T59"]
[Site "Internet Chess Club"]
[Date "2014.01.23"]
[Round "9"]
[White "SirIvanhoe"]
[Black "mongmong"]
[Result "1-0"]
[WhiteElo "1585"]
[BlackElo "1665"]
[Opening "French: King's Indian attack"]
[ECO "C00"]
[Time "20:05:34"]
[TimeControl "2700+45"]

1. e4 e6 2. d3 d5 3. Nd2 Nf6 4. e5 Nfd7 5. d4 c5 6. c3 Nc6 7. Nb3 cxd4 8. cxd4
Qb6 9. Nf3 Be7 10. Be2 O-O 11. O-O f6 12. exf6 Nxf6 13. Ne5 Nxe5 14. dxe5 Nd7
15. Be3 Qd8 16. f4 b6 17. Bg4 Nc5 18. Nd4 Bd7 19. b4 Na6 20. Bxe6+ Kh8 21. Bxd5
Rb8 22. a3 Nc7 23. Nc6 Bxc6 24. Bxc6 Ne6 25. g3 g6 26. Qd7 Qxd7 27. Bxd7 Ng7 28.
Rac1 a5 29. bxa5 Bxa3 30. Ra1 Bc5 31. Bxc5 bxc5 32. a6 Rfd8 33. a7 Ra8 34. Bc6
Nf5 35. Bxa8 Rxa8 36. Rfb1 {Black resigns} 1-0

[Event "Team 45 45 League T59"]
[Site "Internet Chess Club"]
[Date "2014.01.26"]
[Round "9"]
[White "oldsj"]
[Black "pauliewoll"]
[Result "1-0"]
[WhiteElo "1617"]
[BlackElo "1562"]
[Opening "Sicilian: dragon, Yugoslav attack, 10.O-O-O"]
[ECO "B78"]
[Time "10:30:31"]
[TimeControl "2700+45"]

1. e4 c5 2. Nf3 d6 3. d4 cxd4 4. Nxd4 Nf6 5. Nc3 g6 6. Be3 Bg7 7. f3 O-O 8. Bc4
Nc6 9. Qd2 Bd7 10. O-O-O Rc8 11. Bb3 Ne5 12. h4 Nc4 13. Bxc4 Rxc4 14. g4 b5 15.
h5 b4 16. Nd5 e6 17. Nf4 e5 18. hxg6 exd4 19. gxh7+ Kh8 20. Bxd4 Qa5 21. b3
Rxc2+ 22. Kxc2 Qxa2+ 23. Kd3 Qxb3+ 24. Ke2 Bb5+ 25. Kf2 Rc8 26. Rc1 Rxc1 27.
Rxc1 Kxh7 28. Rh1+ Kg8 29. Bxf6 Bxf6 30. Qxd6 Qb2+ 31. Kg3 Be5 32. Qd8+ Kg7 33.
Qh8# {Black checkmated} 1-0

[Event "Team 45 45 League T59"]
[Site "Internet Chess Club"]
[Date "2014.01.24"]
[Round "9"]
[White "zugknightly"]
[Black "latayvia"]
[Result "1-0"]
[WhiteElo "1894"]
[BlackElo "1594"]
[Opening "King's Indian: Four pawns attack"]
[ECO "A68"]
[Time "09:03:40"]
[TimeControl "2700+45"]

1. c4 Nf6 2. d4 g6 3. Nc3 Bg7 4. e4 d6 5. f4 O-O 6. Nf3 c5 7. d5 e6 8. Be2 exd5
9. cxd5 Bg4 10. O-O Nbd7 11. Re1 Re8 12. h3 Bxf3 13. Bxf3 c4 14. Be3 Qa5 15. Bd4
Nc5 16. b4 Qxb4 17. Rb1 Qa5 18. Rb5 Qa6 19. Bxc5 Nxd5 20. Qxd5 Bxc3 21. Rxb7 Re6
22. Rc1 Qxa2 23. Bf2 Rae8 24. f5 R6e7 25. Rxe7 Rxe7 26. fxg6 hxg6 27. Bd4 Bxd4+
28. Qxd4 Rc7 29. Qxd6 Qb2 30. Rd1 Qb8 31. Qd8+ Qxd8 32. Rxd8+ Kg7 33. Rd2 a5 34.
Kf2 Kf6 35. Ke3 c3 36. Rc2 a4 37. Kd3 a3 38. Rxc3 Ra7 39. Rc1 Ke5 40. Ra1 a2 41.
Kc3 g5 42. Kb2 Kd4 43. Rxa2 Rb7+ 44. Kc2 Ke3 45. Ra3+ Kf2 46. Rc3 Ra7 47. Rc5 f6
48. Rc6 Ke3 49. Rxf6 Rc7+ 50. Kb3 Rc1 {Black resigns} 1-0

[Event "Team 45 45 League T59"]
[Site "Internet Chess Club"]
[Date "2014.01.26"]
[Round "9"]
[White "misuc56"]
[Black "Signalman"]
[Result "1-0"]
[WhiteElo "1870"]
[BlackElo "1672"]
[Opening "Queen's pawn: Franco-Indian (Keres) defense"]
[ECO "A40"]
[Time "13:39:27"]
[TimeControl "2700+45"]

1. d4 e6 2. c4 Bb4+ 3. Nc3 c5 4. e3 Nc6 5. Nf3 Bxc3+ 6. bxc3 d6 7. h3 Nge7 8.
Be2 O-O 9. O-O b6 10. d5 Na5 11. Bd3 Nf5 12. e4 Ne7 13. Bg5 e5 14. Bh4 f6 15.
Bg3 Qd7 16. Nd2 Ba6 17. a4 Rab8 18. f4 exf4 19. Bxf4 Ng6 20. Bg3 Rbe8 21. Kh2
Qe7 22. Re1 Ne5 23. Qe2 Nxd3 24. Qxd3 Rd8 25. Kh1 Qd7 26. Rf1 Rb8 27. Rf2 Rfe8
28. Kh2 Rbd8 29. Kg1 Qf7 30. Kh2 Bc8 31. Raf1 Bd7 32. Ra1 h6 33. Rff1 Bc8 34.
Rf2 Rf8 35. e5 dxe5 36. Bxe5 Nb7 37. Bg3 Nd6 38. a5 g6 39. axb6 axb6 40. Rb1 Bf5
41. Rxf5 Nxf5 42. Rxb6 Nxg3 43. Qxg3 Kh7 44. Ne4 Qe7 45. Re6 Qg7 46. Nxc5 Ra8
47. Re3 Rg8 48. Ne6 Qa7 49. c5 g5 50. Qf3 Rg6 51. Qe4 Qb8+ 52. d6 Ra7 53. Rf3
Rf7 54. Qf5 Qe8 55. g4 Qb5 56. Nd4 Qb2+ 57. Qc2 Qxc2+ 58. Nxc2 Rg8 59. Nd4 Ra8
60. c6 Rff8 61. d7 Rfd8 62. Rxf6 Kg7 63. Rf3 Kg6 64. Ne6 {Black resigns} 1-0

[Event "Team 45 45 League T59"]
[Site "Internet Chess Club"]
[Date "2014.01.25"]
[Round "9"]
[White "ElMarginal"]
[Black "WOLFSPELZ"]
[Result "0-1"]
[WhiteElo "1529"]
[BlackElo "1628"]
[Opening "French: Paulsen variation"]
[ECO "C10"]
[Time "19:02:20"]
[TimeControl "2700+45"]

1. e4 e6 2. d4 d5 3. Nc3 Nc6 4. Nf3 Bb4 5. e5 f6 6. Bf4 g5 7. Be3 g4 8. Nd2 fxe5
9. Qxg4 Nf6 10. Qg7 Rg8 11. Qh6 exd4 12. Bg5 Rg6 13. Qh4 dxc3 14. bxc3 Bxc3 15.
Rd1 Bd7 16. Bd3 Rg7 17. O-O Qe7 18. Rb1 O-O-O 19. Rb3 Rdg8 20. Rxc3 Rxg5 21. g3
Rg4 22. Qh6 e5 23. Nb1 e4 24. Be2 R4g5 25. Qh4 Nd4 26. Bd1 Qd6 27. f4 exf3 28.
Qxd4 Rxg3+ 29. Kf2 Ng4+ 30. Ke1 Qe6+ 31. Kd2 Qh6+ 32. Re3 Rg2+ 33. Kc3 Nxe3 34.
Qxa7 Nxd1+ 35. Rxd1 Qc6+ 36. Kb2 Qb6+ 37. Qxb6 cxb6 38. Rxd5 f2 39. Nd2 Rxh2 40.
Nf1 Rh1 {White resigns} 0-1

[Event "Team 45 45 League T59"]
[Site "Internet Chess Club"]
[Date "2014.01.25"]
[Round "9"]
[White "Tribe97"]
[Black "Aquaman"]
[Result "0-1"]
[WhiteElo "1364"]
[BlackElo "1386"]
[Opening "Pirc: Ufimtsev-Pytel variation"]
[ECO "B12"]
[Time "15:00:20"]
[TimeControl "2700+45"]

1. e4 c6 2. d4 d6 3. Nc3 Nf6 4. Bg5 Nbd7 5. Nf3 Qc7 6. Bd3 e5 7. dxe5 dxe5 8.
O-O Be7 9. Re1 O-O 10. Qd2 Nc5 11. Bc4 Bg4 12. Qe3 Ne6 13. Bxf6 Bxf6 14. h3 Bxf3
15. Qxf3 Nd4 16. Qd3 Rad8 17. Ne2 b5 18. Bb3 c5 19. Nxd4 Rxd4 20. Qxb5 c4 21.
Ba4 Rb8 22. Qc6 Qxc6 23. Bxc6 Rxb2 24. Ba4 Rb4 25. c3 Rxa4 26. cxd4 exd4 27.
Rab1 g6 28. e5 Be7 29. Re4 Bc5 30. Rb8+ Kg7 31. Rc8 Bb6 32. e6 fxe6 33. Rxe6 d3
34. Rd6 Rxa2 35. Rxc4 Bxf2+ 36. Kh2 d2 37. Rc7+ Kh6 38. Rcd7 Be3 39. Rd5 Bf4+
40. Kg1 Ra1+ 41. Kf2 Ra2 42. Kf3 Bg5 43. g3 Ra3+ 44. Ke4 Re3+ 45. Kd4 d1=Q+ 46.
Kc5 Rc3+ 47. Kd6 Rd3 48. Rxd3 Qxd3+ 49. Kc7 Qxg3+ 50. Kb7 Qxh3 51. Kxa7 {White
resigns} 0-1

[Event "Team 45 45 League T59"]
[Site "Internet Chess Club"]
[Date "2014.01.25"]
[Round "9"]
[White "semperfi"]
[Black "kabubi"]
[Result "1/2-1/2"]
[WhiteElo "1416"]
[BlackElo "1215"]
[Opening "Queen's Indian defense"]
[ECO "A47"]
[Time "14:00:17"]
[TimeControl "2700+45"]

1. d4 Nf6 2. Nf3 b6 3. e3 e6 4. Bd3 d5 5. Nbd2 Be7 6. O-O O-O 7. e4 Nh5 8. c3
Nf4 9. Bc2 c6 10. Nb3 dxe4 11. Bxe4 Nd5 12. Qd3 Nf6 13. Be3 Ba6 14. c4 Nxe4 15.
Qxe4 Bxc4 16. Rfe1 Bd5 17. Qg4 Bxf3 18. Qxf3 Kh8 19. Bf4 Bg5 20. Bxb8 Rxb8 21.
Qxc6 Bf6 22. Qe4 a5 23. Rad1 a4 24. Nc1 Re8 25. Qd3 b5 26. Ne2 Qb6 27. Qe3 Red8
28. f4 Re8 29. g4 Bh4 30. Ng3 f5 31. g5 Qc6 32. Re2 Qc4 33. b3 axb3 34. axb3 Qd5
35. Ree1 Bxg3 36. hxg3 b4 37. Qe5 Qxb3 38. Rb1 Qxg3+ 39. Kh1 b3 40. Qe3 Qh4+ 41.
Kg2 Qg4+ 42. Qg3 Qxg3+ 43. Kxg3 Rb4 44. d5 Kg8 45. d6 Kf7 46. Re3 Rd8 47. Rexb3
Rxb3+ 48. Rxb3 Rxd6 49. Rb7+ Kg6 50. Re7 h6 51. gxh6 Kxh6 52. Kh4 Kg6 53. Re8
Kf7 54. Rb8 Rd4 55. Kg5 Rd7 56. Rb3 Re7 57. Re3 g6 58. Kh6 Kf6 59. Rg3 Rg7 60.
Rg2 Kf7 61. Rg5 Kf6 62. Rg2 Rg8 63. Rg5 Rg7 64. Rg2 {Game drawn by repetition}
1/2-1/2

[Event "Team 45 45 League T59"]
[Site "Internet Chess Club"]
[Date "2014.01.24"]
[Round "9"]
[White "Rococo"]
[Black "Fogbound"]
[Result "1/2-1/2"]
[WhiteElo "1207"]
[BlackElo "1319"]
[Opening "King's Indian: London system"]
[ECO "A45"]
[Time "11:00:23"]
[TimeControl "2700+45"]

1. d4 Nf6 2. Bf4 g6 3. Nf3 Bg7 4. e3 d6 5. Bd3 b6 6. c3 Bb7 7. Nbd2 Nbd7 8. Qe2
c5 9. O-O O-O 10. e4 Nh5 11. Be3 Re8 12. d5 Ne5 13. Nxe5 Bxe5 14. f4 Bg7 15. Qd1
Rf8 16. Be2 Nf6 17. Kf2 Bc8 18. h4 h5 19. Rg1 Ng4+ 20. Bxg4 Bxg4 21. Qc2 Qd7 22.
Nf1 e5 23. g3 f5 24. Nh2 fxe4 25. Nxg4 Qxg4 26. Qxe4 Bh6 27. Qf3 Qf5 28. Ke2
Qc2+ 29. Bd2 e4 30. Qe3 Rae8 31. b3 Qb2 32. c4 Qf6 33. Raf1 Qf5 34. Rf2 Qg4+ 35.
Ke1 Kh7 36. Rfg2 Rf5 37. Qe2 Qf3 38. Rf2 Qd3 39. Qxd3 exd3+ 40. Kd1 Rf7 41. Re1
Rfe7 {Game drawn by mutual agreement} 1/2-1/2